 Dungeon Crawl Stone Soup version 0.31-a0-705-ga145531891 (webtiles) character file.

Game seed: 13463265550279251391

2132 qw the Skirmisher (level 9, -9/56 HPs)
             Began as a Gargoyle Hunter on Sept 9, 2023.
             Was a Follower of Okawaru.
             Mangled by an orc warrior
             ... wielding a +0 battleaxe
              (14 damage)
             ... on level 7 of the Dungeon.
             The game lasted 00:02:00 (4581 turns).

qw the Skirmisher (Gargoyle Hunter)                 Turns: 4581, Time: 00:02:01

Health: -9/56      AC: 11    Str: 17    XL:     9   Next: 30%
Magic:  9/11       EV: 16    Int: 11    God:    Okawaru [*.....]
Gold:   305        SH:  0    Dex: 17    Spells: 8/8 levels left

rFire   . . .        n - +0 orcbow
rCold   . . .        (shield currently unavailable)
rNeg    + . .        c - +0 leather armour of the Grue {Str+3}
rPois   inf          d - +0 helmet
rElec   +            (no cloak)
rCorr   +            (no gloves)
SInv    .            (no boots)
Will    .....        r - amulet of faith
Stlth   +++          e - ring of resist corrosion
HPRegen 0.29/turn    h - +4 ring of slaying {mikee}
MPRegen 0.12/turn

%: faith
@: about to teleport, heroic
A: sickness immunity, AC +6, negative energy resistance 1, electricity
resistance, torment resistance 1, petrification resistance
a: Renounce Religion, Heroism


You were on level 7 of the Dungeon.
You worshipped Okawaru.
Okawaru was aware of your devotion.
You visited 2 branches of the dungeon, and saw 8 of its levels.
You also visited: Ossuary.

You collected 305 gold pieces.


Innate Abilities, Weirdness & Mutations

You are immune to sickness and miasma.
Your stone body is resilient. (AC +6)
You are immune to poison.
You resist negative energy. (rN+)
You are resistant to electric shocks. (rElec)
You are resistant to unholy torment.
You are immune to petrification.


   Skills:
 + Level 6.9(11.9) Fighting
 - Level 10.0(15.0) Ranged Weapons
 - Level 1.1(6.1) Armour
 - Level 3.0(8.0) Dodging
 - Level 1.1(6.1) Stealth
 + Level 3.4 Invocations


You had 8 spell levels left.
You didn't know any spells.
Your spell library was empty.

Inventory:

Hand Weapons
 n - a +0 orcbow (weapon)
Armour
 c - the +0 leather armour of the Grue (worn) {Str+3}
   (You found it on level 2 of the Dungeon)

   Str+3:     It affects your strength (+3).
 d - a +0 helmet (worn)
Jewellery
 a - an amulet of the acrobat
 e - a ring of resist corrosion (left hand)
 h - a +4 ring of slaying (right hand) {mikee}
 r - an amulet of faith (around neck)
Scrolls
 i - a scroll of identify
 l - 6 scrolls of teleportation
Potions
 b - a potion of enlightenment {unknown}
 f - 3 potions of might
 g - 3 potions of curing
 j - a potion of lignification {unknown}
 k - 3 potions of heal wounds
 m - a potion of invisibility {unknown}
 o - a potion of haste {unknown}

Dungeon Overview and Level Annotations

Branches:
Dungeon (7/15)             Temple (1/1) D:5         Ossuary (visited)

Altars:
Ashenzari
Cheibriados
Dithmenos
Elyvilon
Fedhas
Gozag
Kikubaaqudgha
Makhleb
Nemelex Xobeh
Okawaru
Qazlal
Ru
Sif Muna
Trog
Uskayaw
Vehumet
Xom
Yredelemnul
Zin
The Shining One


Message History

Okawaru accepts your kill.
The kobold brigand throws a curare-tipped dart.
The curare-tipped dart closely misses you.
The orc warrior barely misses you.
You shoot an arrow. The arrow hits the scorpion.
The scorpion is lightly wounded.
You feel like a meek peon again.
4574 ||| INVOKING Heroism.
You gain the combat prowess of a mighty hero.
The orc warrior hits you with a +0 battleaxe!
You shoot an arrow. The arrow hits the kobold brigand.
The kobold brigand is lightly wounded.
The orc warrior hits you with a +0 battleaxe.
The kobold brigand hits you with a +0 club.
You shoot an arrow. The arrow hits the kobold brigand.
The kobold brigand is moderately wounded.
The orc warrior misses you.
You shoot an arrow. The arrow hits the kobold brigand!
The kobold brigand is severely wounded.
You hear a shout!
The kobold brigand hits you but does no damage.
You shoot an arrow. The arrow hits the kobold brigand.
The kobold brigand is almost dead.
The orc warrior closely misses you. The kobold brigand barely misses you.
You shoot an arrow.
The arrow closely misses the kobold brigand.
The arrow closely misses the orc. x2
The orc warrior misses you.
A kobold comes into view. It is wielding a +4 mace.
The kobold brigand hits you with a +0 club.
You shoot an arrow. The arrow hits the kobold brigand.
You kill the kobold brigand!
Okawaru accepts your kill.
The orc warrior hits you with a +0 battleaxe!!
4581 ||| READING 7 scrolls of teleportation.
As you read the scroll of teleportation, it crumbles to dust.
You feel strangely unstable. The scorpion stings you.
The orc warrior hits you with a +0 battleaxe!
You die...

....../...# ......
..........
................. ## .
#..............##.## ..
#....#............## ...
#)...#.............# #..
#..>##............#
##.)##..oo#.##....<.#..##
#....!.oos@..#.....##...#
#.....)KK##.............#
....####).###K...........#
. #......#...#....###..#
.............###.....#....
..#..####....# #..........
##. #.....# #....#..... #
#..##.# #.#####....
..#.##<....# ..##


You could see an orc warrior, a scorpion, 3 orcs and 3 kobolds.

Vanquished Creatures
  Edmund (D:6)
  A sky beast (D:6)
  An ice beast (D:5)
  2 ogres
  3 centaurs
  A phantom (D:6)
  A kobold brigand (D:7)
  2 elf zombies (Ossuary)
  Blork the orc (D:4)
  4 scorpions (D:6)
  A howler monkey (D:4)
  4 centaur zombies (Ossuary)
  3 hounds (D:5)
  3 jellies
  A gnoll bouda (D:7)
  A human zombie (Ossuary)
  An orc priest (D:3)
  Natasha (thrice) (D:4)
  An iguana (D:5)
  An orc wizard (D:6)
  3 mummies
  3 gnolls (D:7)
  9 adders
  2 shadow imps
  A white imp (D:6)
  An adder zombie (Ossuary)
  A worm (D:2)
  A dart slug (D:1)
  14 orcs
  2 ball pythons
  3 bats
  2 endoplasms
  A giant cockroach (D:1)
  4 goblins
  5 hobgoblins
  12 jackals
  A quokka (D:3)
  A frilled lizard (D:3)
  2 goblin zombies (Ossuary)
  7 hobgoblin zombies
  A jackal zombie (Ossuary)
  9 kobolds
  9 kobold zombies
  11 orc zombies (Ossuary)
  5 rats
  A rat zombie (Ossuary)
147 creatures vanquished.

Notes
Turn   | Place    | Note
-------+----------+-------------------------------------------
     0 | D:1      | qw the Gargoyle Hunter began the quest for the Orb.
     0 | D:1      | Reached XP level 1. HP: 12/12 MP: 1/1
     0 | D:1      | 0 ||| qw: Version: 0.3-a-80-g6052c40
     0 | D:1      | 0 ||| qw: Game counter: 1345
     0 | D:1      | 0 ||| qw: Melee chars always use a shield: true
     0 | D:1      | 0 ||| qw: God list: Okawaru
     0 | D:1      | 0 ||| qw: Allow faded altars: false
     0 | D:1      | 0 ||| qw: Do Orc after clearing Dungeon:15 true
     0 | D:1      | 0 ||| qw: Do second Lair branch before Depths: true
     0 | D:1      | 0 ||| qw: Lair rune preference: random
     0 | D:1      | 0 ||| qw: Goals: Normal
     0 | D:1      | 0 ||| PLANNING D:1-11
     2 | D:1      | Noticed a formicid
     4 | D:1      | Noticed a demigod
     6 | D:1      | Noticed a troll
     6 | D:1      | Noticed an octopode
     8 | D:1      | Noticed a human
     8 | D:1      | Noticed an ogre
    10 | D:1      | Noticed a vampire
    10 | D:1      | Noticed a ghoul
    13 | D:1      | Noticed a draconian
    13 | D:1      | Noticed a vine stalker
    15 | D:1      | Noticed a demonspawn
    17 | D:1      | Noticed a meteoran
    17 | D:1      | Noticed a minotaur
    19 | D:1      | Noticed a merfolk
    19 | D:1      | Noticed a spriggan
    21 | D:1      | Noticed a tengu
    23 | D:1      | Noticed a naga
    23 | D:1      | Noticed an armataur
    25 | D:1      | Noticed an elf
    27 | D:1      | Noticed a gargoyle
    27 | D:1      | Noticed a ghoul
    29 | D:1      | Noticed a vampire
    68 | D:1      | Reached XP level 2. HP: 17/17 MP: 2/2
   405 | D:1      | 405 ||| UPGRADING to +0 helmet.
   410 | D:1      | 410 ||| UPGRADING to +0 ring mail.
   420 | D:1      | 420 ||| DROPPING +0 leather armour.
   421 | D:1      | 421 ||| UPGRADING to ring of resist corrosion.
   422 | D:1      | 422 ||| READING scroll labelled FAUFUE FEAGA.
   423 | D:1      | 423 ||| READING scroll labelled VIKIPN VUQINI.
   427 | D:1      | 427 ||| DROPPING scroll of butterflies.
   449 | D:2      | Reached XP level 3. HP: 21/21 MP: 3/3
   457 | D:2      | Reached skill level 1 in Armour
   556 | D:2      | Reached skill level 5 in Ranged Weapons
   786 | D:2      | Reached XP level 4. HP: 23/27 MP: 4/4
   851 | D:2      | Reached skill level 3 in Fighting
   936 | D:2      | Identified the +0 leather armour of the Grue {Str+3}
  1093 | D:2      | 1093 ||| UPGRADING to +0 leather armour of the Grue
                  | {Str+3}.
  1103 | D:2      | 1103 ||| DROPPING +0 ring mail.
  1104 | D:2      | 1104 ||| READING scroll labelled AQYSEV IMPIEL.
  1105 | D:2      | 1105 ||| READING scroll labelled JOEV VUICY.
  1106 | D:2      | 1106 ||| DRINKING 2 dark potions.
  1107 | D:2      | 1107 ||| DRINKING 2 pink potions.
  1108 | D:2      | 1108 ||| DROPPING potion of degeneration.
  1335 | D:3      | 1335 ||| READING scroll of enchant weapon.
  1335 | D:3      | 1335 ||| ENCHANTING +1 shortbow.
  1348 | D:3      | Reached XP level 5. HP: 32/32 MP: 5/5
  1762 | D:3      | Found a broken altar of Ashenzari.
  1766 | D:3      | Saw a vision of the Swamp and the Spider Nest.
  1766 | D:3      | Noticed a jorogumo
  1766 | D:3      | Noticed a jumping spider
  1766 | D:3      | Noticed a radroach
  1766 | D:3      | Noticed a goliath frog
  1766 | D:3      | Noticed a tyrant leech
  1766 | D:3      | Noticed a bog body
  1766 | D:3      | Noticed a bloated husk
  1766 | D:3      | Noticed a boulder beetle
  1766 | D:3      | Noticed a jumping spider
  1766 | D:3      | Noticed a redback
  1767 | D:3      | Noticed a demonic crawler
  1767 | D:3      | Noticed a boulder beetle
  1768 | D:3      | Noticed a torpor snail
  1768 | D:3      | Noticed a bloated husk
  1768 | D:3      | Noticed a wolf spider
  1769 | D:3      | Noticed a pharaoh ant
  1769 | D:3      | Noticed an eleionoma
  1947 | D:3      | 1947 ||| UPGRADING to +4 ring of slaying {mikee}.
  2003 | D:4      | Reached skill level 6 in Ranged Weapons
  2190 | D:4      | Noticed an ogre
  2194 | D:4      | Killed an ogre
  2195 | D:4      | Reached XP level 6. HP: 39/39 MP: 6/6
  2223 | D:4      | Noticed Blork the orc
  2227 | D:4      | Killed Blork the orc
  2227 | D:4      | Noticed Natasha
  2235 | D:4      | Killed Natasha
  2362 | D:4      | Noticed Natasha
  2365 | D:4      | Killed Natasha
  2409 | D:4      | Noticed Natasha
  2412 | D:4      | Killed Natasha
  2469 | D:4      | 2469 ||| READING scroll labelled EFUIR HUBOGAO.
  2470 | D:4      | 2470 ||| READING scroll labelled FIHYEH NUMEGG.
  2471 | D:4      | 2471 ||| READING 2 scrolls of identify.
  2471 | D:4      | 2471 ||| IDENTIFYING brown potion
  2472 | D:4      | 2472 ||| DROPPING potion of attraction.
  2493 | D:5      | Entered Level 5 of the Dungeon
  2494 | D:5      | 2494 ||| PLANNING OSSUARY
  2530 | D:5      | Found a staircase to the Ecumenical Temple.
  2554 | D:5      | Reached skill level 7 in Ranged Weapons
  2645 | D:5      | Reached XP level 7. HP: 30/44 MP: 7/7
  2844 | D:5      | Reached skill level 8 in Ranged Weapons
  3006 | D:5      | Identified the +10 dagger of the Wraith {flame, rF+}
  3053 | D:5      | Found a sand-covered staircase.
  3098 | D:5      | 3098 ||| READING scroll labelled LEPEAXT ZEANEXY.
  3099 | D:5      | 3099 ||| READING scroll labelled TANTAY DAWUME.
  3103 | Ossuary  | Entered an ossuary
  3202 | Ossuary  | Reached XP level 8. HP: 42/49 MP: 8/8
  3355 | Ossuary  | Reached skill level 9 in Ranged Weapons
  3456 | Ossuary  | 3456 ||| DRINKING 3 cyan potions.
  3457 | Ossuary  | 3457 ||| DRINKING 3 murky brown potions.
  3471 | D:5      | 3471 ||| PLANNING TEMPLE
  3520 | Temple   | Entered the Ecumenical Temple
  3521 | Temple   | 3521 ||| PLANNING OKAWARU WORSHIP
  3539 | Temple   | Became a worshipper of Warmaster Okawaru
  3540 | Temple   | 3540 ||| PLANNING D:1-11
  3740 | D:6      | Reached skill level 6 in Fighting
  3800 | D:6      | 3800 ||| SWAPPING to +0 orcbow.
  3801 | D:6      | 3801 ||| DROPPING +2 shortbow.
  3895 | D:6      | Noticed Edmund
  3904 | D:6      | Killed Edmund
  3904 | D:6      | Reached * piety under Okawaru
  3905 | D:6      | Reached skill level 10 in Ranged Weapons
  3940 | D:6      | Reached skill level 1 in Invocations
  3940 | D:6      | Reached XP level 9. HP: 56/56 MP: 8/10
  4060 | D:6      | 4060 ||| INVOKING Heroism.
  4234 | D:6      | Reached skill level 3 in Dodging
  4462 | D:6      | 4462 ||| UPGRADING to amulet of the acrobat.
  4467 | D:6      | 4467 ||| UPGRADING to amulet of faith.
  4477 | D:6      | 4477 ||| DROPPING ring of flight.
  4478 | D:6      | 4478 ||| DRINKING 2 silvery potions.
  4479 | D:6      | 4479 ||| DROPPING potion of brilliance.
  4530 | D:7      | 4530 ||| FLEEEEING.
  4547 | D:7      | 4547 ||| INVOKING Heroism.
  4553 | D:7      | Reached skill level 3 in Invocations
  4556 | D:7      | 4556 ||| Stepping ~*~*~tactically~*~*~ (retreating).
  4558 | D:7      | 4558 ||| Stepping ~*~*~tactically~*~*~ (retreating).
  4566 | D:7      | 4566 ||| Stepping ~*~*~tactically~*~*~ (retreating).
  4567 | D:7      | 4567 ||| Stepping ~*~*~tactically~*~*~ (retreating).
  4568 | D:7      | 4568 ||| Stepping ~*~*~tactically~*~*~ (retreating).
  4569 | D:7      | 4569 ||| Stepping ~*~*~tactically~*~*~ (retreating).
  4574 | D:7      | 4574 ||| INVOKING Heroism.
  4580 | D:7      | HP: 8/56 [orc warrior/+0 battleaxe (20)]
  4581 | D:7      | 4581 ||| READING 7 scrolls of teleportation.
  4581 | D:7      | Mangled by an orc warrior

Levels and vault maps discovered:
D:1:      kb_arrival_jail, layout_rooms
D:2:      layout_basic
D:3:      layout_basic, grunt_ashenzari_visionary
          [grunt_ashenzari_visionary_swamp, grunt_ashenzari_visionary_spider]
D:4:      layout_basic, kennysheep_generic_room_7, uniq_natasha,
          uniq_blork_the_orc
D:5:      minmay_skewed_foursquare, layout_rooms, minmay_temple_entry_mist,
          nicolae_ossuary_entry_giza, minmay_misc_feat_enclosed
D:6:      layout_cave_pods, uniq_edmund
D:7:      layout_cave_pools
Temple:   compressed_dpeg_triangle_lava_temple

Skill      XL: |  1  2  3  4  5  6  7  8  9 |
---------------+----------------------------+-----
Armour         | 1 |  1.1
Ranged Weapons | 5 6 7 8 10 | 10.0
Fighting       | 3 4 5 6 |  6.9
Dodging        | 2 3 |  3.0
Invocations    | 1 3 |  3.4
Stealth        | |  1.1

Action                     |  1- 3 |  4- 6 |  7- 9 || total
---------------------------+-------+-------+-------++-------
   Fire: Shortbow          |    97 |    91 |   206 ||   394
         Orcbow            |       |       |    72 ||    72
 Invoke: Heroism           |       |       |     3 ||     3
    Use: Scroll            |     2 |     6 |     3 ||    11
         Potion            |       |     2 |     3 ||     5
 Armour: Leather armour    |     3 |     7 |    83 ||    93
         Ring mail         |    30 |     1 |       ||    31
  Dodge: Dodged            |    27 |     8 |    72 ||   107

Table legend:
 A = Non-vault XP
 B = Vault XP
 C = Vault XP percentage of total XP
 D = Non-vault monster count
 E = Vault monster count
 F = Vault count percentage of total count
                 A         B        C        D         E       F
            +---------+---------+-------+---------+---------+-------
      Total |    2023 |    1023 |  33.6 |      97 |      50 |  34.0
            +---------+---------+-------+---------+---------+-------
        D:1 |      33 |       0 |   0.0 |      17 |       0 |   0.0
        D:2 |      70 |       0 |   0.0 |      19 |       0 |   0.0
        D:3 |      74 |       0 |   0.0 |      16 |       0 |   0.0
        D:4 |     202 |     180 |  47.1 |       6 |       4 |  40.0
        D:5 |     415 |     193 |  31.7 |      12 |       6 |  33.3
        D:6 |     878 |     162 |  15.6 |      18 |       1 |   5.3
        D:7 |     351 |       0 |   0.0 |       9 |       0 |   0.0
    Ossuary |       0 |     488 | 100.0 |       0 |      39 | 100.0
            +---------+---------+-------+---------+---------+-------
